 Dungeon Crawl Stone Soup version 0.28.0-45-g0d030f2227 (webtiles) character file.

Game seed: 13984795423597063961

22 NinjaNoafa the Poker (level 2, 0/23 HPs)
             Began as a Merfolk Gladiator on Apr 15, 2022.
             Slain by an adder (3 damage)
             ... on level 2 of the Dungeon.
             The game lasted 00:02:19 (644 turns).

NinjaNoafa the Poker (Merfolk Gladiator)             Turns: 644, Time: 00:02:20

Health: 0/23       AC:  4    Str: 14    XL:     2   Next: 91%
Magic:  2/2        EV: 13    Int:  7    God:
Gold:   16         SH:  0    Dex: 15    Spells: 1/1 levels left

rFire   . . .      SeeInvis .   a - +0 trident
rCold   . . .      Faith    .   (no shield)
rNeg    . . .      Spirit   .   b - +0 leather armour
rPois   .          Reflect  .   c - +0 helmet
rElec   .          Harm     .   (no cloak)
rCorr   .          Rampage  .   (no gloves)
Will    .....                   (no boots)
Stlth   +.........              (no amulet)
HPRegen 0.07/turn               (no ring)
MPRegen 0.08/turn               (no ring)

@: mighty
A: (nimble swimmer 2), mertail
a: no special abilities


You were on level 2 of the Dungeon.
You visited 1 branch of the dungeon, and saw 2 of its levels.

You collected 16 gold pieces.

Inventory:

Hand Weapons
 a - a +0 trident (weapon)
Missiles
 d - 3 throwing nets (quivered)
 g - 44 stones
Armour
 b - a +0 leather armour (worn)
 c - a +0 helmet (worn)
Scrolls
 e - a scroll of fear {unknown}
 f - a scroll of teleportation {unknown}
 h - a scroll of identify {unknown}
 i - a scroll of enchant armour {unknown}
Potions
 j - 2 potions of might


   Skills:
 + Level 2.6 Fighting
 + Level 4.8 Polearms
 + Level 2.3 Throwing
 + Level 4.3 Dodging
 * Level 0.4 Stealth


You had one spell level left.
You didn't know any spells.
Your spell library contained the following spells:

 Spells                   Type           Power      Damage    Failure   Level
 Summon Small Mammal      Summ           0%         N/A       52%         1
 Call Canine Familiar     Summ           0%         N/A       87%         3
 Summon Guardian Golem    Hex/Summ       0%         N/A       87%         3


Dungeon Overview and Level Annotations

Branches:
Dungeon (2/15)

Altars:

Shops:
D:2 [


Innate Abilities, Weirdness & Mutations

((You are very nimble when in or above water. (Stealth+, EV+, Speed+++)))
Your lower body shifts to a powerful aquatic tail in water.


Message History

The bat completely misses you. The adder closely misses you.
You closely miss the adder.
The adder is moderately wounded.
The bat hits you but does no damage. The adder bites you.
The adder completely misses you.
You closely miss the adder.
The adder is moderately wounded.
The bat barely misses you. The adder barely misses you.
You closely miss the adder.
The adder is moderately wounded.
The bat barely misses you. The adder misses you. The worm bites you!
The adder bites you but does no damage. The bat barely misses you.
The bat barely misses you.
You open the door. The adder bites you. The bat misses you.
The adder barely misses you. The bat hits you but does no damage.
There is an open door here.
It was a potion of might.
You feel very mighty all of a sudden. The adder closely misses you.
The bat hits you but does no damage.
You puncture the endoplasm!
You kill the endoplasm!
The bat hits you.
* * * LOW HITPOINT WARNING * * *
The adder closely misses you. The adder barely misses you.
You barely miss the adder.
The adder is moderately wounded.
The bat hits you but does no damage. The adder completely misses you.
The bat hits you but does no damage.
You miss the adder.
The adder is moderately wounded.
The bat misses you. The adder bites you.
* * * LOW HITPOINT WARNING * * *
The adder barely misses you.
You closely miss the adder.
The adder is moderately wounded.
The bat closely misses you. The bat hits you.
* * * LOW HITPOINT WARNING * * *
The adder bites you.
You die...

######## #......# ##
#@#..+... #Sb...#
###w≈≈#.# +..∩..+ .
###.#≈≈.#### ..
......≈.#..#######+ ...
......#'#..............
.....)......######.#...
$....######.#.........#


You could see a worm, an adder and a bat.

Vanquished Creatures
  A dart slug (D:1)
  3 ball pythons (D:1)
  2 bats (D:1)
  5 endoplasms
  A giant cockroach (D:1)
  2 goblins (D:1)
  A hobgoblin (D:1)
  A kobold (D:1)
  2 rats (D:1)
18 creatures vanquished.

Notes
Turn   | Place    | Note
-------+----------+-------------------------------------------
     0 | D:1      | NinjaNoafa the Merfolk Gladiator began the quest for the
                  | Orb.
     0 | D:1      | Reached XP level 1. HP: 16/16 MP: 1/1
   150 | D:1      | Reached XP level 2. HP: 23/23 MP: 2/2
   621 | D:2      | Found Uwogeadig's Armour Boutique.
   644 | D:2      | Slain by an adder

Illustrated notes

Levels and vault maps discovered:
D:1:      matt_arrival_diagonals, layout_loops_ring
D:2:      layout_basic, basic_altar, serial_shops, nicolae_shop_hallway_plus

Action                   || total
-------------------------++-------
Melee: Trident           ||    53
  Use: Potion            ||     1
 Stab: Sleeping          ||     2
Armor: Leather armour    ||    14
Dodge: Dodged            ||    47
